 Dungeon Crawl Stone Soup version 0.22.1-2-g9c5b331 (webtiles) character file.

7492 magicm the Quickloader (level 10, -11/92 HPs)
             Began as a Deep Dwarf Hunter on Nov 16, 2018.
             Was a Priest of Dithmenos.
             Mangled by Snorg (21 damage)
             ... on level 10 of the Dungeon.
             The game lasted 00:42:56 (8037 turns).

magicm the Quickloader (Deep Dwarf Hunter)          Turns: 8037, Time: 00:42:56

Health: -11/92     AC: 17    Str: 22    XL:     10   Next: 95%
Magic:  1/1        EV: 12    Int: 14    God:    Dithmenos [***...]
Gold:   442        SH:  0    Dex: 13    Spells: 9/9 levels left

rFire    + . .     SeeInvis .   b - +2 broad axe (flame)
rCold    + . .     Gourm    .   (no shield)
rNeg     . . .     Faith    .   x - +1 scale mail {rC+}
rPois    .         Spirit   .   e - +2 helmet
rElec    .         Reflect  .   g - +2 cloak
rCorr    .         Harm     .   j - +0 pair of gloves
MR       +....                  (no boots)
Stlth    +.........             (no amulet)
HPRegen  0.00/turn              h - +3 ring of strength
MPRegen  0.07/turn              v - ring "Rulolec" {+Blink rF+ Str+2}

@: about to teleport, non-regenerating, wreathed by umbra
A: damage resistance, heal wounds, sense surroundings 2, no regeneration
a: Heal Wounds, Shadow Step, Renounce Religion, Evoke Blink


You were on level 10 of the Dungeon.
You worshipped Dithmenos.
Dithmenos was most pleased with you.
You were not hungry.

You visited 2 branches of the dungeon, and saw 11 of its levels.

You collected 442 gold pieces.

Inventory:

Hand Weapons
 a - a +1 hand crossbow
 b - a +2 broad axe of flaming (weapon)
 k - a +3 short sword of venom
Missiles
 d - 45 bolts
Armour
 e - a +2 helmet (worn)
 g - a +2 cloak (worn)
 j - a +0 pair of gloves (worn)
 x - a +1 scale mail of cold resistance (worn)
Jewellery
 h - a +3 ring of strength (left hand)
 v - the ring "Rulolec" (right hand) {+Blink rF+ Str+2}
   (You found it on level 5 of the Dungeon)

   [ring of protection from fire]

   It affects your strength (+2).
   It protects you from fire.
   It lets you blink.
Wands
 c - a wand of random effects (45)
 o - a wand of iceblast (6)
 p - a wand of flame (86)
 s - a wand of polymorph (11)
Scrolls
 q - 2 scrolls of amnesia
 t - a scroll of magic mapping
 w - 2 scrolls of fear
 B - a scroll of remove curse
 C - a scroll of fog
Potions
 i - a potion of brilliance
 l - a potion of might
 m - 2 potions of berserk rage
 n - a potion of lignification {unknown}
 r - 2 potions of curing {unknown}
 u - a potion of cancellation {unknown}
 z - a potion of heal wounds {unknown}
 A - a potion of mutation {unknown}
Comestibles
 f - 15 rations


   Skills:
 + Level 6.8 Fighting
 + Level 5.7 Short Blades
 + Level 6.7 Axes
 + Level 10.7 Crossbows
 + Level 7.6 Armour
 + Level 5.1 Dodging
 + Level 2.4 Stealth
 + Level 0.7 Evocations


You had 9 spell levels left.
You didn't know any spells.
Your spell library contained the following spells:

 Spells                   Type           Power        Failure   Level  Hunger
 Confusing Touch          Hex            #.....       56%         1    ##.....
 Magic Dart               Conj           #...         56%         1    ##.....
 Blink                    Tloc           N/A          71%         2    ###....
 Call Imp                 Summ           #.......     71%         2    ###....
 Slow                     Hex            #.......     71%         2    ###....
 Confuse                  Hex            #.......     90%         3    ####...
 Conjure Flame            Conj/Fire      #.......     90%         3    ####...
 Gell's Gravitas          Tloc           #.........   90%         3    ####...
 Mephitic Cloud           Conj/Pois/Air  #.......     90%         3    ####...
 Petrify                  Tmut/Erth      #.......     100%        4    #####..
 Metabolic Englaciation   Hex/Ice        #.........   100%        5    ######.
 Yara's Violent Unravell  Hex/Tmut       #.........   100%        5    ######.


Dungeon Overview and Level Annotations

Branches:
Dungeon (10/15)            Temple (1/1) D:5            Lair (0/6) D:9
    Orc (0/2) D:9

Altars:
Ashenzari
Cheibriados
Dithmenos
Elyvilon
Fedhas
Gozag
Hepliaklqana
Kikubaaqudgha
Makhleb
Nemelex Xobeh
Okawaru
Qazlal
Ru
Sif Muna
Trog
Uskayaw
Vehumet
Wu Jian
Xom
Yredelemnul
Zin
The Shining One
Beogh

Annotations:
D:10 Snorg


Innate Abilities, Weirdness & Mutations

You are resistant to damage.
You can heal yourself by infusing magical energy.
You passively map the area around you.
You do not regenerate.


Message History

Snorg bites you but does no damage. Snorg claws you but does no damage.
Snorg claws you! Snorg bites you! Snorg misses you. Snorg barely misses you.
Unknown command.
You slash Snorg! You burn Snorg.
Snorg is moderately wounded.
Snorg closely misses you. Snorg barely misses you. Snorg claws you!
* * * LOW HITPOINT WARNING * * *
Snorg misses you. Snorg closely misses you. Snorg claws you but does no damage.
As you read the scroll of teleportation, it crumbles to dust.
You feel strangely unstable.
The orc wizard mumbles some strange words.
The orc wizard blinks!
Snorg closely misses you. x2; Snorg claws you!
* * * LOW HITPOINT WARNING * * *
The orc wizard hits you with a dagger.
* * * LOW HITPOINT WARNING * * *
You slice the orc wizard!! You burn the orc wizard.
You kill the orc wizard!
Dithmenos accepts your kill.
You barely miss Snorg. Snorg bites you!!
You die...

, * * * , , , , ,* *
*### * *** * * * ,
...,, ,,, ,* , , * ,
*#o########### , ,
** #.#.....#...+ * ,
, , ,**
#o#.###.#.#.# , , *
#T#.# #...#.#* , , ,
#@#.#.#####.# ,
#)..#.......# * , ,,
########'#### * * '
* ###.# * ##...# *
#..### * *
#######'###
#.........#### , *
#.........'..#######


You could see Snorg (berserk) and 2 orcs.

Vanquished Creatures
  The ghost of ThePrince the Chopper, a novice DsCK of Makhleb (D:8)
  A troll (D:9)
  Grinder (D:3)
  2 hippogriffs (D:8)
  7 yaks
  A spriggan (D:9)
  A wyvern (D:8)
  Menkaure (D:7)
  A sky beast (D:8)
  5 orc warriors
  A black bear (D:7)
  6 ogres
  A necrophage (D:8)
  3 phantoms
  2 centaurs (D:8)
  4 big kobolds (D:9)
  7 bullfrogs
  3 gnoll sergeants (D:9)
  2 scorpions
  6 killer bees (D:9)
  5 howler monkeys
  A centaur zombie (D:8)
  4 crimson imps
  3 lava snakes (D:7)
  2 centaur skeletons
  3 hounds
  2 jellies
  An orc priest (D:8)
  Jessica (D:2)
  Natasha (thrice) (D:2)
  Terence (D:3)
  2 iguanas
  7 orc wizards
  5 worker ants
  A killer bee zombie (D:9)
  A hound skeleton (D:7)
  2 worker ant zombies
  7 adders
  8 gnolls
  2 oozes
  3 adder skeletons
  3 worms
  5 leopard geckos
  46 orcs
  5 giant cockroaches
  5 goblins
  7 hobgoblins
  7 jackals
  3 quokkas
  A ball python (D:3)
  10 bats
  2 frilled lizards
  9 kobolds
  A leopard gecko skeleton (D:5)
  A quokka skeleton (D:5)
  A quokka zombie (D:8)
  8 rats
234 creatures vanquished.

Notes
Turn   | Place    | Note
-------+----------+-------------------------------------------
     0 | D:1      | magicm the Deep Dwarf Hunter began the quest for the Orb.
     0 | D:1      | Reached XP level 1. HP: 19/19 MP: 1/1
    26 | D:1      | Reached XP level 2. HP: 26/26 MP: 2/2
   484 | D:1      | Reached skill level 5 in Crossbows
   527 | D:2      | Reached XP level 3. HP: 32/32 MP: 3/3
   528 | D:2      | Noticed Natasha
   543 | D:2      | Killed Natasha
   620 | D:2      | Reached XP level 4. HP: 26/39 MP: 4/4
   653 | D:2      | Noticed Jessica
   672 | D:2      | Killed Jessica
   672 | D:2      | Reached skill level 1 in Short Blades
   802 | D:2      | Found a blossoming altar of Fedhas.
   803 | D:2      | Found a sacrificial altar of Ru.
   888 | D:2      | Found an iron altar of Okawaru.
  1049 | D:2      | Noticed Natasha
  1051 | D:2      | Killed Natasha
  1051 | D:2      | Reached skill level 6 in Crossbows
  1070 | D:2      | Noticed Natasha
  1073 | D:2      | Killed Natasha
  1073 | D:2      | Reached XP level 5. HP: 31/46 MP: 5/5
  1793 | D:3      | Noticed Terence
  1804 | D:3      | Killed Terence
  1890 | D:3      | Noticed Grinder
  1908 | D:3      | Paralysed by Grinder for 7 turns
  1927 | D:3      | Killed Grinder
  1927 | D:3      | Reached skill level 7 in Crossbows
  1927 | D:3      | Reached skill level 1 in Armour
  1927 | D:3      | Reached XP level 6. HP: 40/55 MP: 4/4
  2413 | D:4      | Reached XP level 7. HP: 58/62 MP: 5/5
  2702 | D:5      | Entered Level 5 of the Dungeon
  2857 | D:5      | Found a staircase to the Ecumenical Temple.
  3110 | D:5      | Reached skill level 8 in Crossbows
  3110 | D:5      | Reached XP level 8. HP: 53/69 MP: 6/6
  3413 | D:5      | Got a wavering platinum ring
  3513 | Temple   | Entered the Ecumenical Temple
  3556 | Temple   | Became a worshipper of Dithmenos the Shadowed
  3891 | D:6      | Identified the ring "Rulolec" {+Blink rF+ Str+2} (You found
                  | it on level 5 of the Dungeon)
  4616 | D:7      | Noticed Menkaure
  4624 | D:7      | Killed Menkaure
  4624 | D:7      | Reached skill level 9 in Crossbows
  4807 | D:7      | Gained mutation: You passively map the area around you.
                  | [Deep Dwarf growth]
  4807 | D:7      | Reached XP level 9. HP: 50/80 MP: 7/7
  5024 | D:7      | Reached skill level 5 in Fighting
  5426 | D:8      | Reached * piety under Dithmenos
  5511 | D:8      | Reached skill level 10 in Crossbows
  5511 | D:8      | Reached skill level 5 in Armour
  5705 | D:8      | Found a runed door.
  5705 | D:8      | Found a shimmering altar of Xom.
  5705 | D:8      | Noticed ThePrince's ghost (novice DsCK)
  5705 | D:8      | Noticed a whip of chaos
  5820 | D:8      | Found a white marble altar of Elyvilon.
  6095 | D:8      | Reached ** piety under Dithmenos
  6102 | D:8      | Found a roughly hewn altar of Beogh.
  6207 | D:8      | Reached skill level 5 in Short Blades
  6468 | D:8      | Paralysed by a whip of chaos for 4 turns
  6482 | D:8      | Paralysed by a whip of chaos for 4 turns
  6581 | D:8      | Killed ThePrince's ghost
  6581 | D:8      | Reached XP level 10. HP: 60/91 MP: 7/7
  6788 | D:9      | Found a staircase to the Lair.
  7002 | D:9      | Reached skill level 1 in Axes
  7662 | D:9      | Found a staircase to the Orcish Mines.
  7690 | D:9      | Reached skill level 5 in Axes
  7695 | D:9      | Reached *** piety under Dithmenos
  7916 | D:10     | Entered Level 10 of the Dungeon
  7937 | D:10     | Reached skill level 5 in Dodging
  8026 | D:10     | Noticed Snorg
  8037 | D:10     | Mangled by Snorg

Skill      XL: |  1  2  3  4  5  6  7  8  9 10 |
---------------+-------------------------------+-----
Fighting       | 2 3 4 6 |  6.8
Crossbows      | 5 6 7 8 9 10 | 10.7
Short Blades   | 1 2 3 4 5 |  5.7
Armour         | 1 2 3 4 6 7 |  7.6
Dodging        | 3 4 5 |  5.1
Stealth        | 2 |  2.4
Axes           | 6 |  6.7
Evocations     | |  0.7

Action                   |  1- 3 |  4- 6 |  7- 9 | 10-12 || total
-------------------------+-------+-------+-------+-------++-------
Melee: Short sword       |    31 |    68 |   277 |     9 ||   385
       Broad axe         |       |       |       |   160 ||   160
 Fire: Hand crossbow     |    44 |    68 |   261 |    40 ||   413
 Abil: Heal Wounds       |       |     4 |    10 |    18 ||    32
Evoke: Wand              |       |     2 |     1 |       ||     3
  Use: Scroll            |     7 |     6 |    10 |     5 ||    28
 Stab: Invisible         |       |       |     1 |       ||     1
  Eat: Ration            |       |     2 |     4 |     1 ||     7
Armor: Leather armour    |    11 |       |       |       ||    11
       Ring mail         |    14 |    29 |   151 |       ||   194
       Scale mail        |       |       |       |   193 ||   193
Dodge: Dodged            |    34 |    42 |   201 |   300 ||   577
